 Dungeon Crawl Stone Soup version 0.22-a0-456-g11ed031 (webtiles) character file.

4220 DrEnzyme the Archer (level 10, -12/60 HPs)
             Began as an Octopode Wanderer on June 6, 2018.
             Was an Initiate of Gozag.
             Mangled by ShrewdGherkins's ghost (33 damage)
             ... on level 9 of the Dungeon.
             The game lasted 01:12:44 (14500 turns).

DrEnzyme the Archer (Octopode Wanderer)            Turns: 14500, Time: 01:12:45

Health: -12/60     AC:  1    Str: 16    XL:     10   Next: 30%
Magic:  12/12      EV: 14    Int: 13    God:    Gozag
Gold:   374        SH:  0    Dex: 16    Spells: 12/12 levels left

rFire    . . .     SeeInvis .   b - +2 shortbow
rCold    + . .     Gourm    .   (shield currently unavailable)
rNeg     . . .     Faith    .   (helmet restricted)
rPois    .         Spirit   .   (no amulet)
rElec    .         Reflect  .   D - +6 ring of strength
rCorr    .         Harm     .   (no ring)
MR       .....                  (no ring)
Stlth    +++++.....             (no ring)
HPRegen  0.20/turn              (no ring)
MPRegen  0.13/turn              (no ring)
                                (no ring)
                                (no ring)

@: no status effects
A: almost no armour, stealthy swim, amphibious, 8 rings, constrict 8, camouflage
1, cold resistance 1, weak 1, gelatinous body 1
a: Potion Petition, Call Merchant, Bribe Branch, Renounce Religion


You were on level 9 of the Dungeon.
You worshipped Gozag.
Gozag was aware of your devotion.
You were not hungry.

You visited 2 branches of the dungeon, and saw 11 of its levels.
You also visited: Sewer.

You collected 1116 gold pieces.
You spent 195 gold pieces at shops.
You paid 547 gold pieces to Gozag.

Inventory:

Hand Weapons
 a - a +0 dagger
 b - a +2 shortbow (weapon)
 c - a +0 mace
 d - a cursed -2 falchion
Missiles
 e - 38 arrows (quivered)
Armour
 j - a +0 buckler
Magical Staves
 E - an uncursed staff of poison
Jewellery
 k - an uncursed ring of protection from fire
 x - an uncursed ring of fire {unknown}
 A - an uncursed ring of protection from fire
 D - a +6 ring of strength (left tentacle)
Wands
 q - a wand of disintegration (17)
 r - a wand of flame (35)
 t - a wand of polymorph (11)
 y - a wand of iceblast (8)
Scrolls
 h - 6 scrolls of amnesia
 i - a scroll of identify
 m - 6 scrolls of remove curse
 s - 2 scrolls of immolation
 u - a scroll of magic mapping
 v - a scroll of blinking
 w - 2 scrolls of fog
 C - 2 scrolls of enchant weapon {unknown}
Potions
 g - a potion of haste
 l - 3 potions of brilliance
 n - a potion of cancellation
 o - 2 potions of flight
 p - 2 potions of resistance
 z - a potion of mutation
Comestibles
 f - a ration


   Skills:
 - Level 2.0 Fighting
 * Level 3.7 Short Blades
 + Level 12.3 Bows
 - Level 2.0 Dodging
 + Level 7.9 Stealth
 - Level 4.0 Shields
 - Level 1.5 Spellcasting


You had 12 spell levels left.
You didn't know any spells.
Your spell library contained the following spells:

 Spells                   Type           Power        Failure   Level  Hunger
 Stone Arrow              Conj/Erth      #.....       63%         3    ####...
 Passwall                 Tmut/Erth      #.......     38%         2    ###....
 Lee's Rapid Deconstruct  Erth           #.........   100%        5    ######.
 Sandblast                Erth           #.....       26%         1    ##.....
 Petrify                  Tmut/Erth      #.......     95%         4    #####..


Dungeon Overview and Level Annotations

Branches:
Dungeon (10/15)            Temple (1/1) D:5
   Lair: D:8-11         Orc: D:9-12

Altars:
Ashenzari
Cheibriados
Dithmenos
Elyvilon
Fedhas
Gozag
Hepliaklqana
Kikubaaqudgha
Makhleb
Nemelex Xobeh
Okawaru
Qazlal
Ru
Sif Muna
Trog
Uskayaw
Vehumet
Wu Jian
Xom
Yredelemnul
Zin
The Shining One
Beogh

Shops:
D:9 %

Annotations:
D:6 exclusion: downstairs
D:8 2 exclusions
D:9 ShrewdGherkins's ghost, novice TrFi


Innate Abilities, Weirdness & Mutations

You cannot wear most types of armour.
You are very stealthy in the water. (Stealth+)
You are amphibious.
You can wear up to eight rings at the same time.
You can use your tentacles to constrict eight enemies at once.
Your skin changes colour to match your surroundings (Stealth+).
Your rubbery body absorbs attacks. (AC +1, EV +1)
Your flesh is cold resistant. (rC+)
You are weak. (Str -2)


Message History

You climb downwards.
Level annotation: ShrewdGherkins's ghost, novice TrFi
There is a stone staircase leading up, spattered with blood here.
Wield which item (- for none, * to show all)? (? for menu, Esc to quit)
b - a +2 shortbow (weapon)
ShrewdGherkins's ghost turns its malevolent gaze towards you.
ShrewdGherkins's ghost hits you!
ShrewdGherkins's ghost screams, "I have seen your future, and it is all used up."
You see here an arrow.
You see here a ration.
ShrewdGherkins's ghost hits you!!
Ouch! That really hurt!
You see here 2 arrows.
Found 12 gold pieces.
ShrewdGherkins's ghost hits you.
You see here 12 gold pieces.
You open the door. ShrewdGherkins's ghost hits you!!
Ouch! That really hurt!
You die...
Your body crumbles into a pile of gold.

...........(......
..................
...[..............
........((........
...(..%..........
#######.....(#######
# #..(...#.....# #
+..((.(#.....# #
#...((.#..@..## # $
#....((##'#W..# #
#######.....### #
#.....# # #.....# #
#.....# # #.....#
### ####### ..#


You could see ShrewdGherkins's ghost.

Vanquished Creatures
  A hornet (D:8)
  A hippogriff (D:7)
  Sigmund (D:4)
  A hungry ghost (D:7)
  Edmund (D:6)
  Menkaure (D:4)
  2 orc warriors
  A phantom (D:8)
  2 black bears
  2 ice beasts
  3 sky beasts
  A necrophage (D:5)
  A centaur (D:7)
  3 ogres
  A big kobold (D:9)
  6 bullfrogs
  A gnoll sergeant (D:7)
  A scorpion (D:9)
  A jelly (D:9)
  A quasit (D:9)
  A centaur zombie (D:5)
  3 crimson imps
  A centaur skeleton (D:4)
  3 hounds
  3 orc priests
  5 orc wizards
  2 bullfrog skeletons
  2 iguanas
  8 worker ants
  A hound skeleton (D:7)
  A howler monkey skeleton (D:4)
  A worker ant zombie (D:8)
  19 adders
  9 gnolls
  5 river rats (Sewer)
  2 oozes
  An adder zombie (D:9)
  2 adder skeletons
  A worm (D:2)
  2 dart slugs (D:1)
  10 leopard geckos
  36 orcs
  11 ball pythons (Sewer)
  9 bats
  8 giant cockroaches
  4 hobgoblins
  12 jackals
  11 kobolds
  9 quokkas
  5 frilled lizards
  4 goblins
  A jackal zombie (D:5)
  A quokka zombie (D:7)
  33 rats
  A spectral orc (D:7)
259 creatures vanquished.

Notes
Turn   | Place    | Note
-------+----------+-------------------------------------------
     0 | D:1      | DrEnzyme the Octopode Wanderer began the quest for the Orb.
     0 | D:1      | DrEnzyme set off with: a +2 shortbow, 22 arrows, a +0 mace, a potion of curing, a +0 dagger, a ration
     0 | D:1      | Reached XP level 1. HP: 14/14 MP: 1/1
   143 | D:1      | Reached XP level 2. HP: 19/19 MP: 2/2
   569 | D:1      | Reached XP level 3. HP: 23/24 MP: 3/3
   730 | D:2      | Reached skill level 1 in Shields
  1329 | D:2      | Reached skill level 4 in Bows
  1329 | D:2      | Reached XP level 4. HP: 29/29 MP: 4/4
  2165 | D:3      | Reached XP level 5. HP: 22/34 MP: 5/5
  2416 | D:4      | Found an iron altar of Okawaru.
  2420 | D:4      | Found a shimmering altar of Xom.
  2422 | D:4      | Found an ornate altar of the Wu Jian Council.
  2536 | D:4      | Noticed Sigmund
  2588 | D:4      | Noticed an ogre
  2655 | D:4      | Reached skill level 5 in Bows
  2701 | D:4      | Noticed Menkaure
  2741 | D:5      | Entered Level 5 of the Dungeon
  2899 | D:5      | Noticed a sky beast
  3029 | D:4      | Reached XP level 6. HP: 32/39 MP: 6/6
  3167 | D:5      | You fall through a shaft!
  3193 | D:6      | Reached skill level 6 in Bows
  3369 | D:5      | Noticed a necrophage
  3388 | D:5      | Killed a necrophage
  3388 | D:5      | Reached XP level 7. HP: 45/45 MP: 7/7
  3434 | D:5      | Found a glowing drain.
  3443 | Sewer    | Entered a sewer
  4610 | Sewer    | Reached skill level 7 in Bows
  4767 | Sewer    | Reached skill level 5 in Stealth
  5047 | D:5      | Reached XP level 8. HP: 50/50 MP: 8/8
  5187 | D:5      | Found a staircase to the Ecumenical Temple.
  5196 | Temple   | Entered the Ecumenical Temple
  5386 | Temple   | Became a worshipper of Gozag Ym Sagoz the Greedy
  5759 | D:5      | HP: 1/50 [orc warrior/mace (19)]
  5760 | D:5      | Reached skill level 8 in Bows
  6311 | D:6      | Noticed Edmund
  6327 | D:6      | Killed Edmund
  6943 | D:6      | Reached skill level 9 in Bows
  7844 | D:7      | Reached XP level 9. HP: 25/54 MP: 9/9
  7966 | D:6      | Reached skill level 10 in Bows
  8932 | D:7      | Found a basalt altar of Yredelemnul.
  9563 | D:8      | Gained mutation: You are weak. (Str -2) [potion of mutation]
  9563 | D:8      | Gained mutation: Your flesh is cold resistant. (rC+) [potion of mutation]
  9826 | D:8      | Noticed a hornet
  9831 | D:8      | Paralysed by a hornet for 2 turns
  9833 | D:8      | Killed a hornet
  9833 | D:8      | Reached skill level 11 in Bows
  9833 | D:8      | Noticed a hornet
 10276 | D:9      | Reached skill level 1 in Spellcasting
 10711 | D:9      | Found a roughly hewn altar of Beogh.
 10841 | D:9      | Noticed ShrewdGherkins's ghost (novice TrFi)
 10984 | D:9      | Noticed a red ugly thing
 12098 | D:9      | Bought a ration for 65 gold pieces
 12098 | D:9      | Bought a ration for 65 gold pieces
 12098 | D:9      | Bought a ration for 65 gold pieces
 12210 | D:9      | Reached XP level 10. HP: 55/60 MP: 12/12
 12843 | D:10     | Entered Level 10 of the Dungeon
 12978 | D:10     | HP: 1/60 [troll (5)]
 13336 | D:5      | Reached skill level 12 in Bows
 13450 | D:4      | Killed Menkaure
 13923 | D:4      | Killed Sigmund
 14500 | D:9      | Mangled by ShrewdGherkins's ghost

Vault maps used:
D:1:      roderic_chinese_lattice_arrival
D:3:      first_ration, st_stairs_1, minmay_misc_feat_room
D:4:      nicolae_overflow_hidden_temple, kennysheep_generic_room_13,
          uniq_menkaure, uniq_sigmund
D:5:      temple_hall, gup_sewer_entry_pipe
D:6:      nrook_pool_corridor, uniq_edmund
D:7:      yredelemnul_forgotten_temple_becter
D:8:      hangedman_pestilent_swarm
D:9:      special_room, okawaru_metal_pillars_1_2
D:10:     serial_shops, kennysheep_mini, uniq_erolcha
Temple:   dpeg_five_rooms_temple
Sewer:    sewer_minmay_w

Skill      XL: |  1  2  3  4  5  6  7  8  9 10 |
---------------+-------------------------------+-----
Stealth        | 3 4 5 6 7 |  7.9
Shields        | 1 2 3 4 |  4.0
Bows           | 4 5 6 7 9 11 12 | 12.3
Short Blades   | 2 3 |  3.7
Spellcasting   | 1 |  1.5
Fighting       | |  2.0
Dodging        | |  2.0

Action                   |  1- 3 |  4- 6 |  7- 9 | 10-12 || total
-------------------------+-------+-------+-------+-------++-------
Melee: Dagger            |    19 |    35 |   321 |    42 ||   417
       Constrict         |     5 |     9 |    49 |     3 ||    66
       Tentacles         |     3 |     9 |    72 |    15 ||    99
       Shortbow          |       |       |       |     1 ||     1
 Fire: Shortbow          |    68 |    97 |   366 |    82 ||   613
Invok: Call Merchant     |       |       |     1 |       ||     1
       Potion Petition   |       |       |       |     1 ||     1
  Use: Scroll            |     3 |     7 |    13 |     1 ||    24
       Potion            |       |     2 |    19 |     2 ||    23
 Stab: Sleeping          |     2 |     3 |    14 |       ||    19
       Distracted        |       |       |     2 |       ||     2
  Eat: Ration            |     1 |     1 |    11 |     2 ||    15
       Chunk             |       |     1 |     5 |       ||     6
Armor: Skin              |     2 |    19 |   158 |     4 ||   183
Dodge: Dodged            |    14 |    27 |   224 |    59 ||   324

Table legend:
 A = Spawn XP
 B = Non-spawn XP
 C = Spawn XP percentage of total XP
 D = Spawn monster count
 E = Non-spawn monster count
 F = Spawn count percentage of total count
 G = Total turns spent on level
                    A         B        C        D         E        F      G
               +---------+---------+-------+---------+---------+-------+---------
         Total |       0 |    6029 |   0.0 |       0 |     259 |   0.0 | 14500
               +---------+---------+-------+---------+---------+-------+---------
           D:1 |       0 |      43 |   0.0 |       0 |      24 |   0.0 |   722
           D:2 |       0 |      85 |   0.0 |       0 |      24 |   0.0 |   979
           D:3 |       0 |      50 |   0.0 |       0 |      13 |   0.0 |   730
           D:4 |       0 |     703 |   0.0 |       0 |      16 |   0.0 |  1114
           D:5 |       0 |     721 |   0.0 |       0 |      22 |   0.0 |  1323
           D:6 |       0 |     703 |   0.0 |       0 |      21 |   0.0 |  2309
           D:7 |       0 |    1405 |   0.0 |       0 |      33 |   0.0 |  1746
           D:8 |       0 |     564 |   0.0 |       0 |      13 |   0.0 |  2396
           D:9 |       0 |    1236 |   0.0 |       0 |      42 |   0.0 |  1391
          D:10 |       0 |     137 |   0.0 |       0 |       3 |   0.0 |   148
         Sewer |       0 |     382 |   0.0 |       0 |      48 |   0.0 |  1394
               +---------+---------+-------+---------+---------+-------+---------
